| TOP OF THE 1ST |
|
Colon Scallywags batting - Pitching for Port-au-Prince Pirates : RHP Gregory Staffon
|
|
Pitching: RHP Gregory Staffon
|
|
|
Batting: SHB Jordan Ayala
|
0-0: Called Strike 0-1: Fly out, F7 (Line Drive, 7D, EV 90.6 MPH)
|
|
Batting: RHB Marty G Barrett
|
0-0: Ball 1-0: Ball 2-0: SINGLE (Line Drive, 56D, EV 99.4 MPH)
|
|
Batting: SHB Willie McGee
|
0-0: SINGLE (Line Drive, 7S, EV 98.1 MPH) Marty G Barrett to second
|
|
Batting: RHB Joe Carter
|
0-0: Called Strike 0-1: Ball 1-1: Foul Ball, location: 2F 1-2: Ball 2-2: Strikes out swinging
|
|
Batting: LHB Sid Bream
|
0-0: Ball 1-0: Swinging Strike 1-1: Swinging Strike 1-2: Ball 2-2: Foul Ball, location: 2F 2-2: Ball 3-2: Base on Balls Marty G Barrett to third Willie McGee to second
|
|
Batting: SHB Johnny Ray
|
0-0: Ball 1-0: Called Strike 1-1: Ball 2-1: Ball 3-1: Base on Balls Marty G Barrett scores Willie McGee to third Sid Bream to second
|
|
Batting: RHB Gerry Davis
|
0-0: Ball 1-0: Ball 2-0: Ball 3-0: Base on Balls Willie McGee scores Sid Bream to third Johnny Ray to second
|
|
Batting: RHB Edwin Agudelo
|
0-0: Ball 1-0: Fielders Choice at 2nd, 6-4 (Groundball, 6, EV 80.0 MPH)
|
| Top of the 1st over - 2 runs, 2 hits, 0 errors, 3 left on base; Colon 2 - Port-au-Prince 0 |
| BOTTOM OF THE 1ST |
|
Port-au-Prince Pirates batting - Pitching for Colon Scallywags : LHP David Wells
|
|
Pitching: LHP David Wells
|
|
|
Batting: RHB Robert Duran
|
0-0: Called Strike 0-1: Called Strike 0-2: Foul Ball, location: 2F 0-2: Ball 1-2: Foul Ball, location: 2F 1-2: Foul Ball, location: 2F 1-2: Ball 2-2: Foul Ball, location: 2F 2-2: Ball 3-2: Base on Balls
|
|
Batting: LHB John Edmonds
|
0-0: Ball 1-0: Ball 2-0: Swinging Strike 2-1: DOUBLE (Flyball, 78D, EV 110.6 MPH) Robert Duran to third
|
|
Batting: RHB Bobby Miscik
|
0-0: Ball 1-0: Called Strike 1-1: Swinging Strike 1-2: Foul Ball, location: 2F 1-2: Ball 2-2: SINGLE (Groundball, 56, EV 105.0 MPH) (infield hit) Robert Duran scores John Edmonds to third
|
|
Batting: RHB Dennis Tiefenthaler
|
0-0: Ball 1-0: Called Strike 1-1: Called Strike 1-2: Ball 2-2: Ball 3-2: Base on Balls Bobby Miscik to second
|
|
Batting: RHB Ronald Carapezzi
|
0-0: Ball 1-0: Ball 2-0: Ball 3-0: Called Strike 3-1: Base on Balls John Edmonds scores Bobby Miscik to third Dennis Tiefenthaler to second
|
|
Batting: RHB Byron Peyton
|
0-0: Foul Ball, location: 2F 0-1: Foul Ball, location: 2F 0-2: Strikes out swinging
|
|
Batting: SHB Michael Kennedy
|
0-0: Called Strike 0-1: Called Strike 0-2: Ball 1-2: Ball 2-2: Ground out 6-3 (Groundball, 4MS, EV 69.4 MPH) Bobby Miscik scores Dennis Tiefenthaler to third Ronald Carapezzi to second
|
|
Batting: RHB Augie Schmidt
|
0-0: Ball 1-0: Swinging Strike 1-1: Ball 2-1: Foul Ball, location: 2F 2-2: Ball 3-2: Base on Balls
|
|
Batting: SHB Thomas Colburn
|
0-0: Ball 1-0: Swinging Strike 1-1: Ball 2-1: Swinging Strike 2-2: Ball 3-2: Strikes out looking
|
| Bottom of the 1st over - 3 runs, 2 hits, 0 errors, 3 left on base; Colon 2 - Port-au-Prince 3 |
| TOP OF THE 2ND |
|
Colon Scallywags batting - Pitching for Port-au-Prince Pirates : RHP Gregory Staffon
|
|
Batting: RHB Alex Zermeno
|
0-0: Bunted foul 0-1: Ball 1-1: Foul Ball, location: 2F 1-2: Strikes out swinging
|
|
Batting: SHB Jordan Ayala
|
0-0: Ball 1-0: Foul Ball, location: 2F 1-1: Called Strike 1-2: Foul Ball, location: 2F 1-2: Ball 2-2: Strikes out looking
|
|
Batting: RHB Marty G Barrett
|
0-0: Called Strike 0-1: Ball 1-1: Called Strike 1-2: Ground out 4-3 (Groundball, 4S, EV 80.6 MPH)
|
| Top of the 2nd over - 0 runs, 0 hits, 0 errors, 0 left on base; Colon 2 - Port-au-Prince 3 |
| BOTTOM OF THE 2ND |
|
Port-au-Prince Pirates batting - Pitching for Colon Scallywags : LHP David Wells
|
|
Batting: RHB Robert Duran
|
0-0: Fly out, F9 (Flyball, 9LM, EV 98.1 MPH)
|
|
Batting: LHB John Edmonds
|
0-0: Ball 1-0: Ball 2-0: Foul Ball, location: 2F 2-1: Fly out, F5 (Popup, 56S, EV 78.8 MPH)
|
|
Batting: RHB Bobby Miscik
|
0-0: Ball 1-0: Ball 2-0: Called Strike 2-1: Ball 3-1: Base on Balls
|
|
Batting: RHB Dennis Tiefenthaler
|
0-0: Foul Ball, location: 2F 0-1: Ball 1-1: Called Strike 1-2: Ball 2-2: Ball 3-2: Strikes out swinging
|
| Bottom of the 2nd over - 0 runs, 0 hits, 0 errors, 1 left on base; Colon 2 - Port-au-Prince 3 |
| TOP OF THE 3RD |
|
Colon Scallywags batting - Pitching for Port-au-Prince Pirates : RHP Gregory Staffon
|
|
Batting: SHB Willie McGee
|
0-0: Called Strike 0-1: Ball 1-1: Foul Ball, location: 2F 1-2: Ball 2-2: Ball 3-2: Foul Ball, location: 2F 3-2: Base on Balls
|
|
Batting: RHB Joe Carter
|
0-0: Called Strike 0-1: Swinging Strike 0-2: Fly out, F9 (Flyball, 9LD, EV 92.5 MPH)
|
|
Batting: LHB Sid Bream
|
0-0: Ball 1-0: SINGLE (Line Drive, 6M, EV 97.5 MPH) Willie McGee to second
|
|
Batting: SHB Johnny Ray
|
0-0: Ball 1-0: Ball 2-0: Fly out, F9 (Flyball, 9LM, EV 74.4 MPH)
|
|
Batting: RHB Gerry Davis
|
0-0: 3-RUN HOME RUN (Flyball, 8LXD, EV 89.4 MPH), Distance : 431 ft
|
|
Pitching: LHP Daniel Brown
|
|
|
Batting: RHB Edwin Agudelo
|
0-0: Ball 1-0: Ground out U3 (Groundball, 34, EV 85.0 MPH)
|
| Top of the 3rd over - 3 runs, 2 hits, 0 errors, 0 left on base; Colon 5 - Port-au-Prince 3 |
| BOTTOM OF THE 3RD |
|
Port-au-Prince Pirates batting - Pitching for Colon Scallywags : LHP David Wells
|
|
Batting: RHB Ronald Carapezzi
|
0-0: Ground out 5-3 (Groundball, 56, EV 92.5 MPH)
|
|
Batting: RHB Byron Peyton
|
0-0: Foul Ball, location: 2F 0-1: Ball 1-1: Called Strike 1-2: Foul Ball, location: 2F 1-2: Strikes out swinging
|
|
Batting: SHB Michael Kennedy
|
0-0: Ball 1-0: Fly out, F9 (Flyball, 9LS, EV 88.1 MPH)
|
| Bottom of the 3rd over - 0 runs, 0 hits, 0 errors, 0 left on base; Colon 5 - Port-au-Prince 3 |
| TOP OF THE 4TH |
|
Colon Scallywags batting - Pitching for Port-au-Prince Pirates : LHP Daniel Brown
|
|
Batting: RHB Alex Zermeno
|
0-0: Called Strike 0-1: Swinging Strike 0-2: Ball 1-2: Fly out, F9 (Flyball, 9LM, EV 92.5 MPH)
|
|
Batting: SHB Jordan Ayala
|
0-0: Called Strike 0-1: Foul Ball, location: 2F 0-2: Ball 1-2: Ball 2-2: Fly out, F8 (Flyball, 8RM, EV 91.9 MPH)
|
|
Batting: RHB Marty G Barrett
|
0-0: Foul Ball, location: 2F 0-1: Ball 1-1: Ball 2-1: Ball 3-1: Base on Balls
|
|
Batting: SHB Willie McGee
|
0-0: Called Strike 0-1: Ball 1-1: Swinging Strike 1-2: Ground out 4-3 (Groundball, 4S, EV 69.4 MPH)
|
| Top of the 4th over - 0 runs, 0 hits, 0 errors, 1 left on base; Colon 5 - Port-au-Prince 3 |
| BOTTOM OF THE 4TH |
|
Port-au-Prince Pirates batting - Pitching for Colon Scallywags : LHP David Wells
|
|
Batting: RHB Augie Schmidt
|
0-0: Fly out, F9 (Line Drive, 9D, EV 96.9 MPH)
|
|
Batting: SHB Thomas Colburn
|
0-0: Ball 1-0: SINGLE (Line Drive, 7S, EV 88.8 MPH)
|
|
Batting: RHB Robert Duran
|
Pickoff Throw to First - Out! 1-3 0-0: SINGLE (Line Drive, 6MD, EV 93.8 MPH)
|
|
Batting: LHB John Edmonds
|
0-0: Ball 1-0: SINGLE (Groundball, 6MD, EV 84.4 MPH) (infield hit) Robert Duran to second
|
|
Batting: RHB Bobby Miscik
|
0-0: Ball 1-0: Fielders Choice at 2nd, 6-4 (Groundball, 6, EV 88.1 MPH)
|
| Bottom of the 4th over - 0 runs, 3 hits, 0 errors, 2 left on base; Colon 5 - Port-au-Prince 3 |
| TOP OF THE 5TH |
|
Colon Scallywags batting - Pitching for Port-au-Prince Pirates : LHP Daniel Brown
|
|
Batting: RHB Joe Carter
|
0-0: Ball 1-0: Ball 2-0: Ball 3-0: Fly out, F7 (Flyball, 7LS, EV 84.4 MPH)
|
|
Batting: LHB Sid Bream
|
0-0: Ball 1-0: Fly out, F7 (Flyball, 7LD, EV 97.5 MPH)
|
|
Batting: SHB Johnny Ray
|
0-0: Swinging Strike 0-1: Called Strike 0-2: Ball 1-2: Ground out 6-3 (Groundball, P, EV 91.3 MPH)
|
| Top of the 5th over - 0 runs, 0 hits, 0 errors, 0 left on base; Colon 5 - Port-au-Prince 3 |
| BOTTOM OF THE 5TH |
|
Port-au-Prince Pirates batting - Pitching for Colon Scallywags : LHP David Wells
|
|
Batting: RHB Dennis Tiefenthaler
|
0-0: Ball 1-0: Swinging Strike 1-1: Fly out, F7 (Flyball, 7, EV 95.6 MPH)
|
|
Batting: RHB Ronald Carapezzi
|
0-0: Called Strike 0-1: Foul Ball, location: 2F 0-2: Hit by Pitch
|
|
Batting: RHB Byron Peyton
|
0-0: Ball 1-0: Ball 2-0: Called Strike 2-1: Ball 3-1: Base on Balls Ronald Carapezzi to second
|
|
Batting: SHB Michael Kennedy
|
0-0: Foul Ball, location: 2F 0-1: Ball 1-1: Ball 2-1: Foul Ball, location: 2F 2-2: Foul Ball, location: 2F 2-2: Foul Ball, location: 2F 2-2: Fielders Choice at 2nd, 5-4 (Groundball, 56, EV 85.6 MPH) Ronald Carapezzi to third
|
|
Pitching: RHP Nelson Sanchez
|
|
|
Batting: RHB Augie Schmidt
|
0-0: Ball 1-0: Called Strike 1-1: Foul Ball, location: 2F 1-2: Ball 2-2: Foul Ball, location: 2F 2-2: Fielders Choice at 2nd, 6-4 (Groundball, 6, EV 85.0 MPH)
|
| Bottom of the 5th over - 0 runs, 0 hits, 0 errors, 2 left on base; Colon 5 - Port-au-Prince 3 |
| TOP OF THE 6TH |
|
Colon Scallywags batting - Pitching for Port-au-Prince Pirates : LHP Daniel Brown
|
|
Batting: RHB Gerry Davis
|
0-0: Ball 1-0: Ball 2-0: Ball 3-0: Base on Balls
|
|
Pitching: RHP Michael Morrissey
|
|
|
Batting: RHB Edwin Agudelo
|
0-0: Swinging Strike 0-1: Called Strike 0-2: Foul Ball, location: 2F 0-2: Grounds into double play, 6-4-3 (Groundball, 6M, EV 103.8 MPH)
|
|
Batting: RHB Alex Zermeno
|
0-0: Ball 1-0: Ball 2-0: Bunted foul 2-1: Foul Ball, location: 2F 2-2: Fly out, F9 (Flyball, 9LS, EV 85.0 MPH)
|
| Top of the 6th over - 0 runs, 0 hits, 0 errors, 0 left on base; Colon 5 - Port-au-Prince 3 |
| BOTTOM OF THE 6TH |
|
Port-au-Prince Pirates batting - Pitching for Colon Scallywags : RHP Nelson Sanchez
|
|
Batting: SHB Thomas Colburn
|
0-0: Ball 1-0: Swinging Strike 1-1: Ball 2-1: Ball 3-1: Swinging Strike 3-2: DOUBLE (Groundball, 3D, EV 98.1 MPH)
|
|
Batting: RHB Robert Duran
|
0-0: Swinging Strike 0-1: Swinging Strike 0-2: Foul Ball, location: 2F 0-2: Strikes out swinging
|
|
Batting: LHB John Edmonds
|
0-0: Ball 1-0: Fly out, F5 (Popup, 5, EV 60.0 MPH)
|
|
Batting: RHB Bobby Miscik
|
0-0: Ball Wild Pitch! Thomas Colburn to third 1-0: SINGLE (Groundball, 6MD, EV 96.9 MPH) Thomas Colburn scores
|
|
Batting: RHB Dennis Tiefenthaler
|
0-0: Called Strike 0-1: Ball 1-1: Ball 2-1: Ball 3-1: Ground out 1-3 (Groundball, 13S, EV 71.3 MPH)
|
| Bottom of the 6th over - 1 run, 2 hits, 0 errors, 1 left on base; Colon 5 - Port-au-Prince 4 |
| TOP OF THE 7TH |
|
Colon Scallywags batting - Pitching for Port-au-Prince Pirates : RHP Michael Morrissey
|
|
Batting: SHB Jordan Ayala
|
0-0: Ball 1-0: Ball 2-0: Ball 3-0: Base on Balls
|
|
Batting: RHB Marty G Barrett
|
0-0: Bunted foul 0-1: Bunt missed! 0-2: Foul Ball, location: 2F 0-2: Ball 1-2: Foul Ball, location: 2F 1-2: Fly out, F9 (Flyball, 9LM, EV 88.8 MPH)
|
|
Batting: SHB Willie McGee
|
0-0: Ball Jordan Ayala is caught stealing 2nd base 2-6 1-0: Foul Ball, location: 2F 1-1: Fly out, F6 (Line Drive, 6, EV 77.5 MPH)
|
| Top of the 7th over - 0 runs, 0 hits, 0 errors, 0 left on base; Colon 5 - Port-au-Prince 4 |
| BOTTOM OF THE 7TH |
|
Port-au-Prince Pirates batting - Pitching for Colon Scallywags : RHP Nelson Sanchez
|
|
Batting: RHB Ronald Carapezzi
|
0-0: Ball 1-0: Called Strike 1-1: Foul Ball, location: 2F 1-2: Fly out, F9 (Flyball, 9D, EV 81.9 MPH)
|
|
Batting: RHB Byron Peyton
|
0-0: Ball 1-0: Fly out, F7 (Flyball, 7LM, EV 83.8 MPH)
|
|
Batting: SHB Michael Kennedy
|
0-0: Ball 1-0: Swinging Strike 1-1: Foul Ball, location: 2F 1-2: Ball 2-2: Ball 3-2: Strikes out swinging
|
| Bottom of the 7th over - 0 runs, 0 hits, 0 errors, 0 left on base; Colon 5 - Port-au-Prince 4 |
| TOP OF THE 8TH |
|
Colon Scallywags batting - Pitching for Port-au-Prince Pirates : RHP Michael Morrissey
|
|
Batting: RHB Joe Carter
|
0-0: Called Strike 0-1: Ball 1-1: Fly out, F3 (Popup, 3F, EV 79.4 MPH)
|
|
Batting: LHB Sid Bream
|
0-0: Ball 1-0: Called Strike 1-1: Called Strike 1-2: Foul Ball, location: 2F 1-2: Foul Ball, location: 2F 1-2: Ground out 4-3 (Groundball, 4, EV 91.9 MPH)
|
|
Pitching: RHP Scott Farmer
|
|
|
Batting: SHB Johnny Ray
|
0-0: Called Strike 0-1: Foul Ball, location: 2F 0-2: Foul Ball, location: 2F 0-2: Ball 1-2: Foul Ball, location: 2F 1-2: Strikes out looking
|
| Top of the 8th over - 0 runs, 0 hits, 0 errors, 0 left on base; Colon 5 - Port-au-Prince 4 |
| BOTTOM OF THE 8TH |
|
Port-au-Prince Pirates batting - Pitching for Colon Scallywags : RHP Nelson Sanchez
|
|
Now at 1B: Terry Lee
|
|
|
Now at 3B: Dave Aponte
|
|
|
Batting: RHB Augie Schmidt
|
0-0: Ball 1-0: Ball 2-0: Foul Ball, location: 2F 2-1: Foul Ball, location: 2F 2-2: Ball 3-2: Fly out, F7 (Flyball, 7S, EV 86.3 MPH)
|
|
Batting: SHB Thomas Colburn
|
0-0: Ball 1-0: Ball 2-0: Called Strike 2-1: Ball 3-1: SINGLE (Line Drive, 8RS, EV 96.3 MPH)
|
|
Batting: RHB Robert Duran
|
0-0: Ball 1-0: Fielders Choice at 2nd, 4-6 (Groundball, 4, EV 86.9 MPH)
|
|
Pitching: LHP Alex Gomez
|
|
|
Pinch Hitting: RHB Robert Holden
|
0-0: Foul Ball, location: 2F 0-1: Ball 1-1: Foul Ball, location: 2F 1-2: Fly out, F5 (Line Drive, 5, EV 64.4 MPH)
|
| Bottom of the 8th over - 0 runs, 1 hit, 0 errors, 1 left on base; Colon 5 - Port-au-Prince 4 |
| TOP OF THE 9TH |
|
Colon Scallywags batting - Pitching for Port-au-Prince Pirates : RHP Scott Farmer
|
|
Pitching: RHP Richard Hille
|
|
|
Now in RF: David Miller
|
|
|
Batting: RHB Gerry Davis
|
0-0: Ball 1-0: Swinging Strike 1-1: Foul Ball, location: 2F 1-2: Ball 2-2: Strikes out swinging
|
|
Batting: RHB Edwin Agudelo
|
0-0: Ball 1-0: Fly out, F8 (Flyball, 8RM, EV 95.0 MPH)
|
|
Batting: RHB Alex Zermeno
|
0-0: Ball 1-0: Ball 2-0: Called Strike 2-1: Ball 3-1: Base on Balls
|
|
Batting: SHB Jordan Ayala
|
0-0: Ball 1-0: Called Strike 1-1: Called Strike 1-2: Foul Ball, location: 2F 1-2: SINGLE (Line Drive, 8LS, EV 107.5 MPH) Alex Zermeno to second Runner from 2nd tries for 3rd, SAFE, throw by CF made to third
|
|
Batting: RHB Marty G Barrett
|
0-0: Ball 1-0: Swinging Strike 1-1: Foul Ball, location: 2F 1-2: Foul Ball, location: 2F 1-2: Fly out, F9 (Flyball, 89M, EV 73.8 MPH)
|
| Top of the 9th over - 0 runs, 1 hit, 0 errors, 2 left on base; Colon 5 - Port-au-Prince 4 |
| BOTTOM OF THE 9TH |
|
Port-au-Prince Pirates batting - Pitching for Colon Scallywags : LHP Alex Gomez
|
|
Pitching: RHP Oscar Silva
|
|
|
Batting: RHB Bobby Miscik
|
0-0: Ball 1-0: Foul Ball, location: 2F 1-1: Foul Ball, location: 2F 1-2: Ball 2-2: Ball 3-2: Base on Balls
|
|
Batting: RHB Dennis Tiefenthaler
|
0-0: Called Strike 0-1: Ball 1-1: Ball 2-1: Called Strike 2-2: Ball 3-2: Fielders Choice at 2nd, 6-4 (Groundball, 56, EV 81.9 MPH)
|
|
Batting: RHB Ronald Carapezzi
|
0-0: Ball 1-0: Swinging Strike 1-1: Foul Ball, location: 2F 1-2: Foul Ball, location: 2F 1-2: Grounds into double play, 5-4-3 (Groundball, 5S, EV 88.1 MPH)
|
| Bottom of the 9th over - 0 runs, 0 hits, 0 errors, 0 left on base; Colon 5 - Port-au-Prince 4 |
|